 Dungeon Sprint DCSS version 0.28.0-53-g5a82cb258f (webtiles) character file.

Game seed: 577221898713543179

392 Zeld the Fighter (level 6, -3/73 HPs)
             Began as a Minotaur Berserker on June 7, 2022.
             Was a Believer of Trog.
             Slain by a neqoxec (9 damage)
             ... in the Dungeon (Sprint II: "The Violet Keep of Menkaure").
             The game lasted 00:00:10 (25 turns).

Zeld the Fighter (Minotaur Berserker)                 Turns: 25, Time: 00:00:10

Health: -3/73      AC:  1    Str: 23    XL:     6   Next: 51%
Magic:  5/5        EV: 14    Int:  4    God:    Trog [**....]
Gold:   0          SH:  0    Dex: 10    Spells: 5/5 levels left

rFire   . . .      SeeInvis .   a - +0 hand axe
rCold   . . .      Faith    .   (no shield)
rNeg    . . .      Spirit   .   b - +0 animal skin
rPois   .          Reflect  .   (helmet restricted)
rElec   .          Harm     .   (no cloak)
rCorr   .          Rampage  .   (no gloves)
Will    .....      NoTele   +   (no boots)
Stlth   +.........              (no amulet)
HPRegen 0.22/turn               (no ring)
MPRegen 0.09/turn               (no ring)

@: on berserk cooldown, slowed, very slow
A: horns 2, retaliatory headbutt, deformed body, robust 1
a: Renounce Religion, Berserk, Trog's Hand


You were in the Dungeon.
You worshipped Trog.
Trog was pleased with you.
You visited 1 branch

Inventory:

Hand Weapons
 a - a +0 hand axe (weapon)
Armour
 b - a +0 animal skin (worn)
Scrolls
 h - a scroll of blinking
Potions
 c - a potion of curing
 d - a potion of heal wounds
 e - a potion of haste
 f - 2 potions of magic
 g - a potion of berserk rage


   Skills:
 * Level 10.4 Fighting
 * Level 10.4 Axes
 + Level 7.2 Armour
 + Level 6.7 Dodging


You had 5 spell levels left.
You didn't know any spells.
Your spell library was empty.

Dungeon Overview and Level Annotations

Branches:
Dungeon (1/1)

Altars:


Innate Abilities, Weirdness & Mutations

You have a pair of horns on your head.
You reflexively headbutt those who attack you in melee.
Armour fits poorly on your strangely shaped body.
You are robust. (+10% HP)


Message History

You hit the neqoxec. Your headbutt misses the neqoxec.
The neqoxec is severely wounded.
The neqoxec hits you!
* * * LOW HITPOINT WARNING * * *
Unknown command.
You slash the neqoxec!
You kill the neqoxec!
Trog accepts your kill.
You can now call upon Trog for regeneration and willpower.
Your Fighting skill increases to level 10!
Your Axes skill increases to level 10!
Your Armour skill increases to level 7!
You have reached level 6!
You are no longer berserk.
You are exhausted.
You feel yourself slow down. The neqoxec misses you.
There is an open door here.
You hit the neqoxec. Your headbutt misses the neqoxec.
The neqoxec is lightly wounded.
The neqoxec gestures at you.
Something tries to feed on your intellect!
You closely miss the neqoxec.
The neqoxec is lightly wounded.
The neqoxec hits you!
* * * LOW HITPOINT WARNING * * *
You hit the neqoxec.
The neqoxec is lightly wounded.
The neqoxec closely misses you.
The neqoxec hits you but does no damage.
You hit the neqoxec.
You headbutt the neqoxec, but do no damage.
The neqoxec is moderately wounded.
The neqoxec barely misses you.
You closely miss the neqoxec. You headbutt the neqoxec.
The neqoxec is heavily wounded.
The neqoxec barely misses you. You furiously retaliate!
You headbutt the neqoxec, but do no damage.
You slash the neqoxec! You headbutt the neqoxec!
The neqoxec is almost dead.
The neqoxec hits you!
You die...

### ##
#..##.#
#.3.#
#@#
##.##
+.<.+
##.##
#+#


You could see a neqoxec.

Vanquished Creatures
  3 neqoxecs (D)
3 creatures vanquished.

Notes
Turn   | Place    | Note
-------+----------+-------------------------------------------
     0 | D        | Zeld the Minotaur Berserker began the quest for the Orb.
     0 | D        | Reached XP level 1. HP: 19/19 MP: 0/0
     1 | D        | Noticed a neqoxec
     1 | D        | Noticed a neqoxec
     1 | D        | Noticed a neqoxec
     1 | D        | Noticed a neqoxec
     1 | D        | Gained mutation: Armour fits poorly on your strangely
                  | shaped body. [a neqoxec]
     9 | D        | Gained mutation: You are robust. (+10% HP) [a neqoxec]
    10 | D        | Killed a neqoxec
    11 | D        | Reached skill level 5 in Armour
    11 | D        | Reached XP level 2. HP: 16/37 MP: 1/1
    11 | D        | Reached XP level 3. HP: 18/42 MP: 2/2
    11 | D        | Reached XP level 4. HP: 22/51 MP: 3/3
    15 | D        | Killed a neqoxec
    16 | D        | Reached XP level 5. HP: 28/62 MP: 4/4
    18 | D        | Killed a neqoxec
    18 | D        | Reached ** piety under Trog
    19 | D        | Reached skill level 10 in Fighting
    19 | D        | Reached skill level 10 in Axes
    19 | D        | Reached XP level 6. HP: 22/73 MP: 5/5
    25 | D        | Slain by a neqoxec

Illustrated notes

Levels and vault maps discovered:
D:        the_violet_keep_of_menkaure [sprint2_stairs_cluster_1,
          sprint2_shoproom, sprint2_temple, sprint2_basic_supplies,
          sprint2_obstacle_2, sprint2_obstacle_6, sprint2_obstacle_1,
          sprint2_obstacle_5, sprint2_obstacle_3, sprint2_timed_cluster_1,
          sprint2_smallroom_cluster_1, sprint2_smallroom_final_cluster_1,
          sprint2_transparent_cluster_1, sprint2_second_timed_cluster_1,
          sprint2_sniper_area_1, sprint2_heavy_combat_area_1,
          sprint2_mutation_trap_area_1, sprint2_forest_area_1,
          sprint2_light_combat_area_1, sprint2_behind_water_1,
          sprint2_near_end_vault_1]

Skill      XL: |  1  2  3  4  5 |
---------------+----------------+-----
Fighting       | 7 9 10 | 10.4
Axes           | 7 9 10 | 10.4
Armour         | 5 6 7 |  7.2
Dodging        | 4 6 |  6.7

Action                   |  1- 3 |  4- 6 || total
-------------------------+-------+-------++-------
Melee: Hand axe          |     8 |    14 ||    22
       Headbutt          |       |     5 ||     5
Invok: Berserk           |     1 |       ||     1
Armor: Animal skin       |       |     1 ||     1
Dodge: Dodged            |       |     6 ||     6
